 Dungeon Crawl Stone Soup version 0.28.0 (webtiles) character file.

Game seed: 9416849796822851389

1295 itaden the Chopper (level 8, -13/68 HPs)
             Began as a Minotaur Gladiator on Feb 10, 2022.
             Killed from afar by a gargoyle (16 damage)
             ... with a stone arrow
             ... on level 6 of the Dungeon on Feb 11, 2022.
             The game lasted 01:27:21 (4931 turns).

itaden the Chopper (Minotaur Gladiator)             Turns: 4931, Time: 01:27:21

Health: -13/68     AC: 15    Str: 21      XL:     8   Next: 30%
Magic:  0/7        EV:  9    Int:  3 (5)  God:
Gold:   215        SH:  0    Dex: 12      Spells: 4/7 levels left

rFire   . . .      SeeInvis .   u - +6 spear (vorpal)
rCold   . . .      Faith    .   (no shield)
rNeg    . . .      Spirit   +   r - +1 chain mail
rPois   .          Reflect  .   c - +0 hat
rElec   .          Harm     .   (no cloak)
rCorr   .          Rampage  .   (no gloves)
Will    .....                   (no boots)
Stlth   ..........              q - amulet of guardian spirit
HPRegen 1.01/turn               l - +4 ring of protection
MPRegen 0.10/turn               (no ring)

@: unable to read
A: horns 2, retaliatory headbutt, regeneration 1, inability to read while
threatened, MP-powered wands
a: no special abilities


You were on level 6 of the Dungeon.
You visited 1 branch of the dungeon, and saw 7 of its levels.

You collected 215 gold pieces.

Inventory:

Hand Weapons
 a - a +0 war axe
 b - a +0 scythe
 e - a +0 dire flail
 g - a +3 battleaxe of freezing
 u - a +6 vorpal spear (weapon)
 z - a +0 great sword
 C - a +2 vorpal falchion
Missiles
 d - 3 throwing nets
 i - 5 curare-tipped darts
 m - 16 bolts
 p - 66 arrows
 s - 4 poisoned darts (quivered)
Armour
 c - a +0 hat (worn)
 j - a +0 ring mail
 k - a +3 leather armour
 o - the +1 robe of Articulation {rElec Archmagi}
   (You found it on level 2 of the Dungeon)

   rElec:     It insulates you from electricity.
   Archmagi:  It increases the power of your magical spells.
 r - a +1 chain mail (worn)
 t - a +0 animal skin
 v - a +2 helmet
 w - a +0 troll leather armour
Magical Staves
 h - a staff of conjuration
Jewellery
 l - a +4 ring of protection (left hand)
 q - an amulet of guardian spirit (around neck)
Scrolls
 f - a scroll of vulnerability
 n - a scroll of identify
 x - a scroll of blinking
Potions
 B - a potion of mutation


   Skills:
 + Level 5.3 Fighting
 + Level 7.0(7.6) Axes
 + Level 4.6(6.5) Polearms
 + Level 2.4 Throwing
 + Level 5.7 Armour
 + Level 4.1 Dodging
 + Level 0.8 Stealth
 + Level 2.5 Evocations


You had 4 spell levels left.
You knew the following spells:

 Your Spells              Type           Power      Damage    Failure   Level
a - Summon Guardian Gole  Hex/Summ       0%         N/A       100%        3

Your spell library contained the following spells:

 Spells                   Type           Power      Damage    Failure   Level
 Orb of Destruction       Conj           0%         9d5       100%        7
 Spellforged Servitor     Conj/Summ      0%         N/A       100%        7


Dungeon Overview and Level Annotations

Branches:
Dungeon (7/15)
 Temple: D:4-7

Altars:
Yredelemnul

Annotations:
D:3 1 runed translucent door, Crazy Yiuf
D:4 Menkaure
D:6 Grinder, Pikel


Innate Abilities, Weirdness & Mutations

You have a pair of horns on your head.
You reflexively headbutt those who attack you in melee.
Your natural rate of healing is unusually fast.
You sometimes lose the ability to read scrolls when taking damage.
You expend magic power (3 MP) to strengthen your wands.


Message History

You feel threatened and lose the ability to read scrolls!
You completely miss the gargoyle.
You punch the gargoyle, but do no damage.
The gargoyle hits you with a +1 vorpal flail.
You hit the gargoyle but do no damage.
You can read scrolls again.
The gargoyle barely misses you.
You hit the gargoyle but do no damage. Your headbutt misses the gargoyle.
The gargoyle hurls a stone arrow at you.
The stone arrow misses you.
The gargoyle hurls a stone arrow at you.
The stone arrow hits you!
You feel threatened and lose the ability to read scrolls!
Found 4 poisoned darts.
The gargoyle hits you with a +1 vorpal flail!
The gargoyle hits you with a +1 vorpal flail!
* * * LOW HITPOINT WARNING * * *
x2
There is an escape hatch in the ceiling, spattered with blood here.
The gargoyle hits you with a +1 vorpal flail.
* * * LOW HITPOINT WARNING * * *
x2 A mysterious force pulls you upwards.
The hatch slams shut behind you.
Level annotation: Grinder The lemure shouts!
A lemure comes into view. x2
The lemure moves out of view.
Found 17 gold pieces.
Found a stone staircase leading down.
Pikel, Merchant of Souls comes into view.
He is wielding a +0 whip of flaming.
Found a stone staircase leading up.
The gargoyle hurls a stone arrow at you.
The stone arrow hits you!
* * * LOW HITPOINT WARNING * * *
Found a stone staircase leading down.
You see here 17 gold pieces.
The gargoyle hurls a stone arrow at you.
The stone arrow hits you!
* * * LOW HITPOINT WARNING * * *
Found a fuming yellow potion.
The gargoyle hurls a stone arrow at you.
The stone arrow hits you!!
You die...

# #########
##.###.......####
#..#............#####.
#....<.............#...
..>...................#
!....................#
#.................## .
#....@.............#≈.
#........5..........≈≈
#......$.9...5......≈#
#...........K........#
##...................#
#....................
######...............
#...............
+...>...........


You could see Pikel, a gargoyle and a lemure.

Vanquished Creatures
  Sigmund (D:5)
  2 water moccasins
  A sky beast (D:7)
  An ogre (D:7)
  A phantom (D:4)
  Blork the orc (D:6)
  A scorpion (D:5)
  A water moccasin zombie (D:5)
  2 wights (D:7)
  A centaur zombie (D:5)
  2 orc priests
  2 hounds
  A bullfrog skeleton (D:5)
  An orc wizard (D:7)
  A scorpion zombie (D:5)
  A hound skeleton (D:5)
  Robin (D:3)
  7 adders
  An adder skeleton (D:2)
  A worm (D:2)
  2 dart slugs
  9 orcs
  2 ball pythons
  10 endoplasms
  4 giant cockroaches
  9 goblins
  11 hobgoblins
  4 jackals (D:4)
  3 quokkas
  3 bats
  4 frilled lizards
  7 kobolds
  5 rats
  A spectral orc (D:4)
104 creatures vanquished.

Vanquished Creatures (others)
  2 fungi (D:3)
2 creatures vanquished.

Grand Total: 106 creatures vanquished

Notes
Turn   | Place    | Note
-------+----------+-------------------------------------------
     0 | D:1      | itaden the Minotaur Gladiator began the quest for the Orb.
     0 | D:1      | Reached XP level 1. HP: 18/18 MP: 0/0
   135 | D:1      | Reached XP level 2. HP: 24/25 MP: 1/1
   180 | D:1      | Reached skill level 4 in Axes
   682 | D:2      | Reached XP level 3. HP: 28/30 MP: 2/2
   875 | D:2      | Identified the +1 robe of Articulation {rElec Archmagi}
  1058 | D:3      | Noticed Robin
  1074 | D:3      | Reached XP level 4. HP: 34/38 MP: 3/3
  1107 | D:3      | Reached skill level 5 in Axes
  1289 | D:3      | Noticed a water moccasin
  1305 | D:3      | Killed a water moccasin
  1306 | D:3      | Reached skill level 6 in Axes
  1306 | D:3      | Reached skill level 1 in Armour
  1306 | D:3      | Reached XP level 5. HP: 17/46 MP: 4/4
  1315 | D:3      | HP: 2/46 [poisoned by a water moccasin]
  1790 | D:3      | Found a runed translucent door.
  1791 | D:3      | Noticed Crazy Yiuf
  2095 | D:3      | Killed Robin
  2416 | D:4      | Reached XP level 6. HP: 52/52 MP: 5/5
  2742 | D:4      | Found a basalt altar of Yredelemnul.
  2816 | D:4      | Reached skill level 1 in Evocations
  3291 | D:5      | Entered Level 5 of the Dungeon
  3302 | D:5      | Reached skill level 1 in Polearms
  3330 | D:5      | Noticed Menkaure
  3714 | D:5      | Reached skill level 7 in Axes
  3714 | D:5      | Reached XP level 7. HP: 49/59 MP: 4/6
  3953 | D:5      | Noticed Sigmund
  4014 | D:5      | Gained mutation: You expend magic power (3 MP) to
                  | strengthen your wands. [potion of mutation]
  4014 | D:5      | Gained mutation: You sometimes lose the ability to read
                  | scrolls when taking damage. [potion of mutation]
  4014 | D:5      | Gained mutation: Your natural rate of healing is unusually
                  | fast. [potion of mutation]
  4024 | D:5      | Killed Sigmund
  4598 | D:6      | Noticed Blork the orc
  4636 | D:6      | Killed Blork the orc
  4637 | D:6      | Reached skill level 5 in Fighting
  4724 | D:6      | Noticed a yak
  4735 | D:6      | Noticed a yak
  4737 | D:6      | Noticed a yak
  4747 | D:6      | Noticed Grinder
  4763 | D:7      | Reached XP level 8. HP: 26/67 MP: 2/7
  4819 | D:7      | Reached skill level 5 in Armour
  4888 | D:7      | Learned a level 3 spell: Summon Guardian Golem
  4908 | D:7      | Noticed a gargoyle
  4922 | D:6      | Noticed Pikel
  4930 | D:6      | HP: 2/68 [gargoyle/stone arrow (13)]
  4931 | D:6      | Killed from afar by a gargoyle

Illustrated notes

Levels and vault maps discovered:
D:1:      eino_arrival_cavern_a, layout_loops_ring, chequers_avenue
D:2:      layout_rooms
D:3:      cheibrodos_helix_gallery, layout_basic, kennysheep_generic_room_8,
          uniq_robin, uniq_crazy_yiuf_cottage
D:4:      layout_basic, yredelemnul_forgotten_temple_becter
D:5:      layout_cave_pods, uniq_sigmund, uniq_menkaure
D:6:      layout_layer_cave, minmay_temple_entry_mini_moons, serial_rivers,
          chequers_serial_rivers_micro_b, chequers_serial_rivers_marsh,
          chequers_serial_rivers_large_a, chequers_serial_rivers_small_b,
          chequers_serial_rivers_micro_c, chequers_serial_rivers_micro_e,
          kennysheep_small_spiral, uniq_maggie, uniq_blork_the_orc,
          uniq_grinder, uniq_eustachio, uniq_pikel
D:7:      layout_rooms, serial_shops, nicolae_stop_n_shop_2,
          nicolae_underground_beach

Skill      XL: |  1  2  3  4  5  6  7  8 |
---------------+-------------------------+-----
Axes           | 4 6 7 |  7.0
Fighting       | 3 4 5 |  5.3
Armour         | 1 2 3 4 5 |  5.7
Evocations     | 1 2 |  2.5
Polearms       | 2 4 |  4.6
Dodging        | 4 |  4.1
Throwing       | |  2.4
Stealth        | |  0.8

Action                   |  1- 3 |  4- 6 |  7- 9 || total
-------------------------+-------+-------+-------++-------
Melee: War axe           |    68 |    51 |       ||   119
       Headbutt          |    10 |    14 |    15 ||    39
       Spear             |       |    61 |    60 ||   121
       Punch             |       |       |     4 ||     4
Throw: Dart              |       |     2 |     4 ||     6
       Throwing net      |       |       |     1 ||     1
Evoke: Wand              |       |    17 |     5 ||    22
  Use: Scroll            |     1 |     3 |     7 ||    11
       Potion            |       |     1 |     5 ||     6
 Stab: Sleeping          |     1 |       |       ||     1
Armor: Leather armour    |     8 |       |       ||     8
       Ring mail         |     5 |     7 |       ||    12
       Chain mail        |       |    41 |    16 ||    57
       Skin              |       |       |     9 ||     9
Dodge: Dodged            |    46 |    55 |    24 ||   125
